 Dungeon Crawl Stone Soup version 0.18-a0-1685-g4482fe3 (webtiles) character file.

330 FrancescoMac the Skirmisher (level 6, -7/49 HPs)
             Began as a Demonspawn Chaos Knight on Apr 4, 2016.
             Killed by divine providence
             ... invoked by an orc priest
              (16 damage)
             ... on level 4 of the Dungeon.
             The game lasted 00:13:06 (2510 turns).

FrancescoMac the Skirmisher (DsCK)                  Turns: 2510, Time: 00:13:09

Health: -7/49      AC: 15    Str: 14    XL:     6   Next: 26%
Magic:  6/6        EV: 11    Int: 11    God:    Xom [*.....]
Gold:   118        SH:  0    Dex: 13    Spells: 0 memorised, 5 levels left

rFire  x . .     SeeInvis .     k - +0 triple sword (protect)
rCold  + . .     Gourm    .     b - +2 leather armour
rNeg   . . .     Faith    .     (shield currently unavailable)
rPois  .         Spirit   .     (no helmet)
rElec  .         Dismiss  .     (no cloak)
rCorr  .         Reflect  .     q - +0 pair of gloves
SustAt .         Harm     .     i - +0 pair of boots
MR     .....                    (no amulet)
Stlth  +.........               (no ring)
                                p - ring of ice

@: lethally poisoned (-7 -> -12), not resistant to hostile enchantments, very
unstealthy
A: hooves 1, molten scales 2, demonic guardian 1, dopey 1
a: Renounce Religion


You were on level 4 of the Dungeon.
You worshipped Xom.
You were a special plaything of Xom.
You were not hungry.

You visited 1 branch of the dungeon, and saw 4 of its levels.

You collected 118 gold pieces.

Inventory:

Hand Weapons
 a - a +0 falchion of chaos
 k - a +0 triple sword of protection (weapon)
Armour
 b - a +2 leather armour (worn)
 i - a +0 pair of boots (worn)
 q - a +0 pair of gloves (worn)
Jewellery
 p - a ring of ice (left hand)
Wands
 g - a wand of confusion (21/48)
Scrolls
 h - a scroll of remove curse
 j - 3 scrolls of enchant armour
Potions
 e - 2 potions of heal wounds {unknown}
 l - a potion of cure mutation {unknown}
 m - a potion of might {unknown}
Comestibles
 c - 5 bread rations
 d - a meat ration
 f - a chunk of flesh


   Skills:
 + Level 4.4 Fighting
 + Level 4.2 Long Blades
 + Level 3.1 Armour
 + Level 2.6 Dodging


You had 5 spell levels left.
You didn't know any spells.

Dungeon Overview and Level Annotations

Branches:
Dungeon (4/15)
 Temple: D:4-7

Altars:
Pakellas

Annotations:
D:3 namelastname112's ghost, amateur DrWr


Innate Abilities, Weirdness & Mutations

You have large cloven feet.
You are mostly covered in molten scales (AC +3, EV -1).
A weak demonic guardian rushes to your aid.
You are dopey. (Int -2)


Message History

The orc wizard misses you. The orc hits you but does no damage.
The orc wizard barely misses you.
You slash the iguana!
You kill the iguana!
You feel sick.
The orc priest mumbles some strange prayers to Beogh against you.
Beogh smites you!
* * * LOW HITPOINT WARNING * * *
The orc barely misses you.
The orc wizard gestures at you while chanting.
The puff of flame misses you.
You are too injured to fight recklessly!
You closely miss the orc wizard.
You feel sick.
The orc wizard gestures wildly while chanting.
The orc wizard seems to speed up.
The orc hits you with a club.
* * * LOW HITPOINT WARNING * * *
The orc priest calls down the wrath of Beogh upon you.
Beogh smites you!
You die...
Xom guffaws!

.......#.#..≈≈≈..
...<.............
#.......>........
.
#........#.......
..
###.......#.....
...#.............
....o......#.#
#.o†.......#
##o@....#..##
##..÷#.....#
..#####(.....##
........).(#.#
.......)).(#...
##.......(.###.#
####......(.....
###....#####..
#.<..# ...


You could see an orc priest, an orc wizard and an orc.

Vanquished Creatures
  A giant frog (D:4)
  A scorpion (D:4)
  An orc wizard (D:4)
  Ijyb (D:3)
  An iguana (D:4)
  2 gnolls (D:2)
  3 adders
  A worm (D:2)
  A dart slug (D:1)
  4 giant geckos
  2 orcs (D:4)
  3 giant cockroaches
  11 goblins
  7 hobgoblins
  5 jackals
  7 kobolds
  A quokka (D:3)
  A ball python (D:1)
  6 bats
  2 giant newts
  5 rats
66 creatures vanquished.

Vanquished Creatures (collateral kills)
  Jessica (D:2)
  2 gnolls (D:2)
  An adder (D:2)
  3 orcs (D:4)
  A giant cockroach (D:4)
8 creatures vanquished.

Grand Total: 74 creatures vanquished

Notes
Turn   | Place    | Note
--------------------------------------------------------------
     0 | D:1      | FrancescoMac the Demonspawn Chaos Knight began the quest for the Orb.
     0 | D:1      | Reached XP level 1. HP: 18/18 MP: 1/1
    70 | D:1      | Reached skill level 1 in Dodging
   271 | D:1      | XOM: silly message
   277 | D:1      | Gained mutation: You are partially covered in molten scales (AC +1). [demonic ancestry]
   277 | D:1      | Reached XP level 2. HP: 24/24 MP: 2/2
   284 | D:1      | XOM: fake destruction
   380 | D:1      | XOM: swap monsters
   454 | D:1      | Reached XP level 3. HP: 28/29 MP: 3/3
   679 | D:2      | XOM: divination: detect creatures
   688 | D:2      | XOM: god gift: runed triple sword {god gift}
   720 | D:2      | XOM: summons 3 friendly demons
   745 | D:1      | HP: 1/29 [poisoned by an adder]
   924 | D:1      | XOM: colour smoke trail
  1048 | D:2      | Gained mutation: A weak demonic guardian rushes to your aid. [demonic ancestry]
  1048 | D:2      | Reached XP level 4. HP: 27/35 MP: 4/4
  1107 | D:2      | XOM: colour smoke trail
  1272 | D:2      | XOM: summons 4 hostile shadow creatures
  1324 | D:2      | Noticed Jessica
  1330 | D:2      | Killed Jessica
  1429 | D:2      | Found an oddly glowing altar of Pakellas.
  1626 | D:3      | XOM: severe Chrm miscast
  1644 | D:3      | Gained mutation: You are dopey. (Int -2) [mutagenic glow]
  1673 | D:3      | Gained mutation: You have large cloven feet. [demonic ancestry]
  1673 | D:3      | Reached XP level 5. HP: 39/42 MP: 5/5
  1839 | D:3      | Noticed Ijyb
  1845 | D:3      | Killed Ijyb
  1973 | D:3      | Noticed namelastname112's ghost (amateur DrWr)
  2008 | D:3      | XOM: divination: detect items
  2340 | D:4      | Gained mutation: You are mostly covered in molten scales (AC +3, EV -1). [demonic ancestry]
  2340 | D:4      | Reached XP level 6. HP: 16/48 MP: 6/6
  2510 | D:4      | Killed from afar by an orc priest

Vault maps used:
D:1:      minmay_arrival_split_and_join, st_stairs_10, minmay_box_of_dots
D:2:      first_bread, grunt_pakellas_mercury, uniq_jessica
D:3:      uniq_iyjb
D:4:      minmay_temple_entry_purple_smoke, corexii_item_surrounded_by_moat,
          uniq_eustachio

Skill      XL: |  1  2  3  4  5 |
---------------+----------------+-----
Dodging        | 1 2 |  2.6
Armour         | 2 3 |  3.1
Long Blades    | 3 4 |  4.2
Fighting       | 4 |  4.4

Action                   |  1- 3 |  4- 6 || total
-------------------------+-------+-------++-------
Melee: Falchion          |    99 |       ||    99
       Triple sword      |     9 |   138 ||   147
  Use: Scroll            |     4 |     6 ||    10
  Eat: Meat ration       |     1 |       ||     1
       Chunk             |       |     1 ||     1
